 Dungeon Crawl Stone Soup version 0.17-a0-744-gaa96792 (webtiles) character file.

116 xeno23 the Chiller (level 5, -8/35 HPs)
             Began as a Merfolk Ice Elementalist on Apr 21, 2015.
             Killed by nerve-wracking pain
             ... invoked by Grinder
              (13 damage)
             ... while paralysed by Grinder
             ... on level 3 of the Dungeon.
             The game lasted 00:07:54 (2196 turns).

xeno23 the Chiller (Merfolk Ice Elementalist)       Turns: 2196, Time: 00:07:54

Health: -8/35      AC:  3    Str:  8    XL:     5   Next: 1%
Magic:  2/8        EV:  2    Int: 15    God:
Gold:   112        SH:  0    Dex: 15    Spells: 1 memorised, 7 levels left

rFire  . . .     SeeInvis .     g - -1 whip (curse)
rCold  . . .     Clarity  .     a - +0 robe
rNeg   + . .     SustAb   .     (no shield)
rPois  .         Gourm    .     (no helmet)
rElec  .         Spirit   .     (no cloak)
rCorr  .         Warding  +     j - +0 pair of gloves
rMut   .         Stasis   .     (no boots)
MR     .....                    r - amulet of warding
Stlth  ++........               (no ring)
                                k - ring of flight

@: paralysed, not resistant to hostile enchantments, unstealthy
A: change form in water, swift swim
a: Evoke Flight


You were on level 3 of the Dungeon.
You were not hungry.

You visited 1 branch of the dungeon, and saw 3 of its levels.

You collected 112 gold pieces.

Inventory:

Hand weapons
 g - a cursed -1 whip (weapon)
 s - a +2 dagger of holy wrath
Armour
 a - a +0 robe (worn)
 j - a +0 pair of gloves (worn)
Jewellery
 i - an uncursed amulet of stasis
 k - a ring of flight (left hand)
 r - an amulet of warding (around neck)
Potions
 e - a potion of curing
 h - a potion of heal wounds
 m - a potion of resistance {unknown}
 o - a potion of brilliance {unknown}
 t - a potion of lignification {unknown}
 u - a potion of magic {unknown}
Books
 b - a book of Frost

   Spells                             Type                      Level
   a - Freeze                         Ice                          1
   b - Throw Frost                    Conjuration/Ice              2
   c - Ozocubu's Armour               Charms/Ice                   3
   d - Throw Icicle                   Conjuration/Ice              4
   e - Summon Ice Beast               Ice/Summoning                4
   f - Condensation Shield            Ice                          4
Comestibles
 c - 2 bread rations
 d - 3 slices of pizza
 f - 3 fruits
 l - 3 meat rations
 n - 7 chunks of flesh
 p - a beef jerky


   Skills:
 - Level 2.6 Dodging
 - Level 2.1 Stealth
 - Level 2.0 Spellcasting
   Level 0.7 Conjurations
 + Level 6.0 Ice Magic


You had 7 spell levels left.
You knew the following spells:

 Your Spells              Type           Power        Failure   Level  Hunger
a - Freeze                Ice            ###.         1%          1    #......


Dungeon Overview and Level Annotations

Branches:
Dungeon (3/15)

Altars:
Nemelex Xobeh

Annotations:
D:3 Grinder


Message History

You freeze Grinder.
Grinder resists.
Grinder is lightly wounded.
Grinder says, "FISH!"
Grinder hits you!
You take 7 damage.
You see here 14 gold pieces.
Grinder gestures at you. Pain shoots through your body!
* * * LOW HITPOINT WARNING * * *
You take 14 damage.
Grinder gestures at you. Pain shoots through your body!
* * * LOW HITPOINT WARNING * * *
You take 1 damage.
Grinder gestures at you.
You suddenly lose the ability to move!
Grinder says, "You look like you could use a good racking."
Grinder gestures at you. Pain shoots through your body!
You die...

#..######.# ###.#.####
#......##.#######.......W.
#.####..(.........#)#...##
#.# ####.......W..)..#.##
#.# #..########.#..... #.#
#..# ####...#.## #.# #..#
#.....##.# #.#######..#
#.##### # #..$...5.@.# #.#
##########.#####<#
#.......# #########


You could see Grinder.

Vanquished Creatures
  The ghost of Zooty the Slasher, a weakling TeCK of Xom (D:3)
  3 adders
  9 bats
  2 giant cockroaches
  6 hobgoblins
  9 jackals (D:2)
  4 kobolds
  3 ball pythons
  2 giant newts (D:2)
  7 goblins
  4 rats (D:1)
50 creatures vanquished.

Notes
Turn   | Place    | Note
--------------------------------------------------------------
     0 | D:1      | xeno23, the Merfolk Ice Elementalist, began the quest for the Orb.
     0 | D:1      | Reached XP level 1. HP: 13/13 MP: 3/3
   444 | D:1      | Reached XP level 2. HP: 13/19 MP: 3/5
   635 | D:1      | Reached skill level 4 in Ice Magic
  1163 | D:2      | Reached XP level 3. HP: 24/24 MP: 3/6
  1334 | D:2      | Found a sparkling altar of Nemelex Xobeh.
  1494 | D:2      | Reached skill level 5 in Ice Magic
  1635 | D:2      | Reached XP level 4. HP: 22/30 MP: 5/7
  1791 | D:3      | Noticed Zooty's ghost (weakling TeCK)
  1799 | D:3      | HP: 1/30 [Zooty's ghost (9)]
  2156 | D:3      | Noticed Grinder
  2177 | D:3      | Paralysed by Grinder for 2 turns
  2184 | D:3      | Killed Zooty's ghost
  2184 | D:3      | Reached skill level 6 in Ice Magic
  2184 | D:3      | Reached XP level 5. HP: 25/35 MP: 2/8
  2193 | D:3      | Paralysed by Grinder for 4 turns
  2196 | D:3      | Killed from afar by Grinder

Action                   |  1- 3 |  4- 6 || total
-------------------------+-------+-------++-------
Melee: Whip              |    72 |    12 ||    84
       Unarmed           |     1 |       ||     1
 Cast: Freeze            |    42 |    19 ||    61
  Use: Scroll            |     2 |     1 ||     3
 Stab: Sleeping          |     3 |       ||     3
  Eat: Chunk             |     3 |     2 ||     5
